 Dungeon Crawl Stone Soup version 0.30-b1-2-g02819fbbbe (webtiles) character file.

Game seed: 7601401274066652907

2688 prikolics the Sneak (level 9, -10/78 HPs)
             Began as a Naga Warper on Aug 10, 2023.
             Mangled by a gnoll
             ... wielding a +0 halberd
              (13 damage)
             ... in a bailey.
             The game lasted 00:57:55 (7364 turns).

prikolics the Sneak (Naga Warper)                   Turns: 7364, Time: 00:57:56

Health: -10/78     AC:  7    Str: 18    XL:     9   Next: 64%
Magic:  19/22      EV: 10    Int: 16    God:
Gold:   227        SH:  0    Dex: 10    Spells: 9/14 levels left

rFire   . . .        y - +6 mace of Bilunlun {flame, rC+}
rCold   + . .        (no shield)
rNeg    . . .        a - +3 robe "Xigol" {Str+4 Int-2 Slay+2}
rPois   +            (no helmet)
rElec   .            (no cloak)
rCorr   +            (no gloves)
SInv    +            (no barding)
Will    +....        (no amulet)
Stlth   +++          t - ring of magical power
HPRegen 0.33/turn    E - ring of resist corrosion
MPRegen 0.18/turn

%: no passive effects
@: flying, very slow
A: AC +3, large, see invisible, deformed body, poison resistance, slowness 2,
spit poison 1, naga tail 1
a: Spit Poison


You were in a bailey.
You visited 1 branch of the dungeon, and saw 7 of its levels.
You also visited: Bailey.

You collected 227 gold pieces.

Inventory:

Hand Weapons
 m - a +0 trident
 r - a +2 hand axe of holy wrath
 y - the +6 mace of Bilunlun (weapon) {flame, rC+}
   (You found it on level 4 of the Dungeon)

   rC:        It protects you from cold.
Missiles
 d - 9 boomerangs of dispersal
 e - 110 stones
 h - 22 poisoned darts (quivered)
 l - a curare-tipped dart
 M - 6 atropa-tipped darts
Armour
 a - the +3 robe "Xigol" (worn) {Str+4 Int-2 Slay+2}
   (You found it on level 2 of the Dungeon)

   Str:       It affects your strength (+4).
   Int:       It affects your intelligence (-2).
   Slay:      It affects your accuracy & damage with ranged weapons and melee
   (+2).
 v - an orb of wrath
 J - a +1 robe of willpower
 K - the +0 ring mail of the Game of Kings {Contam rPois Will+ Stlth+}
   (You found it on level 5 of the Dungeon)

   rPois:     It protects you from poison.
   Contam:    It causes magical contamination when unequipped.
   Will:      It increases your willpower.
   Stlth:     It makes you more stealthy.
Magical Staves
 A - a staff of fire
 G - a staff of earth
Jewellery
 i - a ring of flight
 t - a ring of magical power (left hand)
 E - a ring of resist corrosion (right hand)
Wands
 q - a wand of polymorph (6)
 w - a wand of roots (11)
 H - a wand of flame (18)
 N - a wand of mindburst (14)
Scrolls
 c - a scroll of blinking
 n - a scroll of butterflies
 o - 5 scrolls of poison
 s - a scroll of amnesia
 D - a scroll of enchant armour {unknown}
 L - a scroll of fog {unknown}
Potions
 b - a potion of attraction {unknown}
 f - a potion of heal wounds {unknown}
 g - a potion of brilliance {unknown}
 k - a potion of lignification {unknown}
 p - a potion of mutation {unknown}
 u - a potion of magic {unknown}
 x - a potion of curing
 z - a potion of degeneration {unknown}
 B - 2 potions of flight
 C - 2 potions of resistance {unknown}
 F - a potion of haste {unknown}
 I - a potion of ambrosia {unknown}


   Skills:
 + Level 4.0 Fighting
 + Level 5.3 Maces & Flails
 + Level 3.8 Polearms
 + Level 3.2 Throwing
 - Level 0.7 Armour
 + Level 3.5 Dodging
 + Level 6.4 Stealth
 + Level 0.4 Unarmed Combat
 * Level 3.0 Spellcasting
 * Level 5.1 Conjurations
 * Level 6.1 Translocations


You had 9 spell levels left.
You knew the following spells:

 Your Spells              Type           Power      Damage    Failure   Level
a - Blink                 Tloc           42%        N/A       2%          2
b - Magic Dart            Conj           76%        1d6       2%          1
c - Searing Ray           Conj           38%        2d5       3%          2

Your spell library contained the following spells:

 Spells                   Type           Power      Damage    Failure   Level
 Lesser Beckoning         Tloc           42%        N/A       2%          2
 Teleport Other           Tloc           21%        N/A       4%          3
 Shock                    Conj/Air       40%        1d5       6%          1
 Vhi's Electric Charge    Tloc/Air       24%        N/A       16%         3
 Manifold Assault         Tloc           21%        N/A       16%         4
 Slow                     Hex            8%         N/A       19%         1
 Call Imp                 Summ           4%         N/A       28%         2
 Sublimation of Blood     Necr           2%         N/A       28%         2
 Wereblood                Tmut           2%         N/A       28%         2
 Mephitic Cloud           Conj/Pois/Air  7%         N/A       28%         3
 Confusing Touch          Hex            2%         N/A       50%         3
 Ozocubu's Armour         Ice            2%         N/A       50%         3
 Swiftness                Air            2%         N/A       50%         3
 Vampiric Draining        Necr           2%         2d6       50%         3
 Fulminant Prism          Conj/Hex       5%         3d7       54%         4
 Airstrike                Air            1%         2d(1-17)  88%         4
 Ozocubu's Refrigeration  Ice            1%         4d7       100%        7
 Summon Hydra             Summ           1%         N/A       100%        7


Dungeon Overview and Level Annotations

Branches:
Dungeon (7/15)             Bailey (1/1)
 Temple: D:4-7

Altars:
Gozag
Ru
Sif Muna
Trog
Yredelemnul

Shops:
D:7 :


Innate Abilities, Weirdness & Mutations

Your serpentine skin is tough. (AC +3)
You have supernaturally acute eyesight. (SInv)
Armour fits poorly on your strangely shaped body.
Your system is resistant to poisons. (rPois)
You cover ground very slowly.
You can spit poison.
You have a snake-like lower body.


Message History

The gnoll sergeant is heavily wounded.
The searing ray hits the gnoll sergeant!
The gnoll sergeant is severely wounded.
The searing ray hits the gnoll bouda.
The gnoll bouda is moderately wounded.
The searing ray hits the gnoll.
The gnoll is moderately wounded.
You finish channelling your searing ray.
The gnoll sergeant hits you with a +0 glaive!
The gnoll hits you from afar with a +0 halberd!
* * * LOW HITPOINT WARNING * * *
The gnoll sergeant hits you but does no damage.
The gnoll bouda barks out a call to the hunt!
The gnolls pick up the pace!
It was a potion of flight.
You feel very buoyant.
You fly up into the air.
The gnoll hits you from afar with a +0 halberd!
* * * LOW HITPOINT WARNING * * *
The gnoll sergeant closely misses you.
The gnoll bouda calls upon its god to heal something.
Okay, then.
As you read the scroll of fear, it crumbles to dust.
You assume a fearsome visage.
The gnoll looks frightened!
The gnoll sergeant looks frightened!
The gnoll looks frightened!
The gnoll bouda looks frightened!
The gnoll sergeant looks frightened!
You struggle against the net.
The gnoll screams, "Help!"
The gnoll hits you from afar with a +0 halberd.
* * * LOW HITPOINT WARNING * * *
The gnoll sergeant howls in fear.
You struggle against the net.
The gnoll barely misses you.
You struggle against the net.
The gnoll hits you with a +0 halberd.
* * * LOW HITPOINT WARNING * * *
The gnoll closely misses you.
You struggle against the net.
The gnoll completely misses you.
Cornered, the gnoll turns to fight!
You shred the net and break free!
The gnoll hits you from afar with a +0 halberd!
You die...

♣.≈..# ♣♣.≈..# ♣..≈..#
♣..≈..# #### ♣♣..≈..#
#..g#
♣♣...≈..######....g
#♣♣♣.......'...#...$..
#∩..∩.†)...'...'g..8..
#♣♣♣...)...'.g@#...$..
♣♣...≈..##### ...gg
♣...≈..# ...# ♣...≈..#
### ♣♣..≈..# ♣♣.≈..#
♣.≈..# ♣♣≈≈.. ♣♣≈≈≈


You could see a gnoll bouda (fleeing) and 3 gnolls.

Vanquished Creatures
  Sigmund (D:5)
  A shadow (D:6)
  2 orc warriors
  2 black bears
  A sky beast (D:6)
  3 ogres
  2 phantoms
  A kobold brigand (D:6)
  Blork the orc (D:5)
  3 bullfrogs
  A gnoll sergeant (D:7)
  2 scorpions
  2 howler monkeys
  4 hounds
  2 jellies
  4 orc priests
  A sleepcap (D:6)
  4 iguanas
  Ijyb (D:3)
  5 orc wizards
  10 gnolls
  9 adders
  3 shadow imps
  A white imp (D:5)
  An ufetubus (D:7)
  A worm (D:3)
  2 dart slugs
  22 orcs
  9 ball pythons
  4 bats
  12 endoplasms
  3 giant cockroaches
  8 goblins
  7 hobgoblins
  18 kobolds
  4 quokkas
  3 frilled lizards
  6 rats
166 creatures vanquished.

Notes
Turn   | Place    | Note
-------+----------+-------------------------------------------
     0 | D:1      | prikolics the Naga Warper began the quest for the Orb.
     0 | D:1      | Reached XP level 1. HP: 19/19 MP: 3/3
   161 | D:1      | Reached XP level 2. HP: 24/26 MP: 5/5
   309 | D:1      | Reached skill level 1 in Throwing
   539 | D:1      | Reached skill level 1 in Stealth
   539 | D:1      | Reached XP level 3. HP: 22/32 MP: 6/6
  1152 | D:2      | Found a faded altar of an unknown god.
  1402 | D:2      | You fall into a shaft and drop 1 floor!
  1573 | D:3      | Reached XP level 4. HP: 31/39 MP: 7/7
  1592 | D:3      | Learned a level 2 spell: Blink
  1594 | D:3      | Learned a level 1 spell: Magic Dart
  1717 | D:2      | Identified the +3 robe "Xigol" {Str+4 Int-2 Slay+2}
  1810 | D:2      | Reached skill level 1 in Conjurations
  2240 | D:2      | Reached XP level 5. HP: 37/45 MP: 8/8
  3113 | D:4      | Noticed Ijyb
  3166 | D:3      | Killed Ijyb
  3287 | D:4      | Reached XP level 6. HP: 54/55 MP: 9/9
  3412 | D:4      | Identified the +6 mace of Bilunlun {flame, rC+}
  3646 | D:4      | Noticed a black bear
  3655 | D:4      | Killed a black bear
  3890 | D:4      | Reached XP level 7. HP: 43/61 MP: 10/10
  4238 | D:5      | Entered Level 5 of the Dungeon
  4430 | D:5      | Reached skill level 1 in Maces & Flails
  4548 | D:5      | Noticed Sigmund
  4555 | D:5      | Learned a level 2 spell: Searing Ray
  4715 | D:5      | Killed Sigmund
  4716 | D:5      | Reached skill level 5 in Stealth
  4716 | D:5      | Reached XP level 8. HP: 25/69 MP: 11/11
  4865 | D:5      | Found an opulent altar of Gozag.
  4889 | D:5      | Found a shimmering blue altar of Sif Muna.
  4901 | D:5      | Reached skill level 5 in Translocations
  4911 | D:5      | Found a bloodstained altar of Trog.
  4941 | D:5      | Noticed Blork the orc
  4951 | D:5      | Killed Blork the orc
  5344 | D:5      | Identified the +0 ring mail of the Game of Kings {Contam
                  | rPois Will+ Stlth+}
  5563 | D:6      | Noticed a shadow
  5576 | D:6      | Found a basalt altar of Yredelemnul.
  5911 | D:6      | Killed a shadow
  5967 | D:6      | Reached XP level 9. HP: 69/76 MP: 12/12
  6665 | D:6      | Found a sacrificial altar of Ru.
  6711 | D:6      | Reached skill level 5 in Maces & Flails
  6842 | D:7      | Found Bucyram's Book Shop.
  6919 | D:7      | Reached skill level 5 in Conjurations
  7175 | D:7      | Found a flagged portal.
  7183 | Bailey   | Entered a bailey
  7362 | Bailey   | HP: 3/78 [gnoll/+0 halberd (3)]
  7364 | Bailey   | Mangled by a gnoll

Illustrated notes

Levels and vault maps discovered:
D:1:      minmay_arrival_widening_spiral_wide, layout_basic
D:2:      layout_basic, hellmonk_ecumenical_altar_crossroads,
          grunt_ministairs_6, hangedman_decor_clover_reticule
D:3:      minmay_general_purpose_star, layout_loops_cross, amethyst_killhole
D:4:      layout_loops_ring, grunt_ministairs_12, uniq_ijyb
D:5:      layout_basic, nzn_overflow_gifts_of_might_and_magic,
          nicolae_gozag_seed_capital, uniq_sigmund, uniq_blork_the_orc
D:6:      layout_loops_ring, lemuel_tele_altar, nicolae_overflow_crystal_walls,
          minivault_19
D:7:      cheibrodos_steamvent, layout_gridville, mainiacjoe_overflow_boulevard,
          minmay_temple_entry_drinking_statues, enter_bailey_3,
          nicolae_take_the_stairs, grunt_ministairs_8,
          hangedman_decor_diamond_cutter
Bailey:   bailey_polearm_gnolls_kennysheep, bailey

Skill      XL: |  1  2  3  4  5  6  7  8  9 |
---------------+----------------------------+-----
Throwing       | 1 2 3 |  3.2
Stealth        | 1 2 3 5 6 |  6.4
Dodging        | 2 3 |  3.5
Conjurations   | 1 2 3 4 5 |  5.1
Translocations | 4 5 6 |  6.1
Polearms       | 3 |  3.8
Maces & Flails | 1 4 5 |  5.3
Fighting       | 3 4 |  4.0
Spellcasting   | 3 |  3.0
Armour         | |  0.7
Unarmed Combat | |  0.4

Action                     |  1- 3 |  4- 6 |  7- 9 || total
---------------------------+-------+-------+-------++-------
  Melee: Spear             |    55 |       |       ||    55
         Trident           |     7 |    99 |       ||   106
         Unarmed           |       |    20 |       ||    20
         Mace              |       |    13 |   134 ||   147
         Punch             |       |       |     2 ||     2
  Throw: Stone             |     5 |       |       ||     5
         Dart              |    20 |    21 |    38 ||    79
   Cast: Blink             |       |     1 |       ||     1
         Magic Dart        |       |       |     7 ||     7
         Searing Ray       |       |       |    15 ||    15
Ability: Spit Poison       |    28 |    32 |    33 ||    93
    Use: Potion            |       |     2 |     2 ||     4
         Scroll            |       |       |     8 ||     8
   Stab: Sleeping          |     1 |     5 |     5 ||    11
 Armour: Leather armour    |     3 |     1 |       ||     4
         Robe              |       |    45 |    70 ||   115
  Dodge: Dodged            |    16 |    71 |    89 ||   176
